 Dungeon Crawl Stone Soup version 0.30-a0-341-g682706514a (webtiles) character file.

Game seed: 17582996446704986962

15829 MrRokkomies the Fighter (level 12, -1/172 HPs)
             Began as an Armataur Berserker on Nov 2, 2022.
             Was a High Priest of Trog.
             Slain by a troll (11 damage)
             ... on level 1 of the Orcish Mines.
             The game lasted 00:31:21 (11864 turns).

MrRokkomies the Fighter (Armataur Berserker)       Turns: 11864, Time: 00:31:22

Health: -1/172     AC: 21    Str: 26    XL:     12   Next: 4%
Magic:  12/12      EV: 10    Int:  8    God:    Trog [*****.]
Gold:   689        SH:  5    Dex: 11    Spells: 11/11 levels left

rFire   + . .      SeeInvis .    a - +5 Lochaber axe {reach-cleave, poleaxe, Drain}
rCold   . . .      Faith    .    (shield currently unavailable)
rNeg    . . .      Spirit   .    Q - +3 scale mail {rF+}
rPois   .          Reflect  +    k - +1 helmet
rElec   .          Harm     .    G - +0 cloak
rCorr   +          Roll     +    P - +0 pair of gloves {Stlth+}
Will    .....                    (no barding)
Stlth   ..........               t - amulet of reflection
HPRegen 0.48/turn                f - +4 ring of protection
MPRegen 0.13/turn                j - ring of resist corrosion

@: berserking, very quick
A: large, rugged brown scales 3, deformed body, armoured tail, roll, long
tongue, awkward tongue
a: Renounce Religion, Berserk, Trog's Hand, Brothers in Arms


You were on level 1 of the Orcish Mines.
You worshipped Trog.
Trog was extremely pleased with you.
You visited 2 branches of the dungeon, and saw 13 of its levels.

You collected 1699 gold pieces.
You spent 1010 gold pieces at shops.

Inventory:

Hand Weapons
 a - the +5 Lochaber axe (weapon) {reach-cleave, poleaxe, Drain}
   (You bought it in a shop on level 2 of the Dungeon)

   It can be evoked to extend its reach, and strikes at all foes within reach,
   dealing less damage to those not targeted.
   It uses either Axes or Polearms skill, whichever is higher.
   Drain:     It drains your maximum health when unequipped.
 b - a +0 whip of holy wrath
 m - a +3 dire flail of chaos
Missiles
 g - 3 curare-tipped darts
 r - a throwing net
 v - 8 poisoned darts
 D - 8 boomerangs (quivered)
 E - 2 datura-tipped darts
Armour
 k - a +1 helmet (worn)
 G - a +0 cloak (worn)
 P - a +0 pair of gloves of stealth (worn)
 Q - a +3 scale mail of fire resistance (worn)
Jewellery
 f - a +4 ring of protection (left hand)
 j - a ring of resist corrosion (right hand)
 t - an amulet of reflection (around neck)
 N - a ring of ice
Wands
 x - a wand of flame (44)
 C - a wand of quicksilver (5)
 I - a wand of paralysis (11)
 M - a wand of roots (9)
Scrolls
 i - 4 scrolls of blinking
 l - 2 scrolls of silence
 p - a scroll of identify
 u - a scroll of enchant weapon
 w - 2 scrolls of butterflies
 y - 4 scrolls of teleportation
 L - a scroll of immolation
Potions
 c - 4 potions of heal wounds
 d - 3 potions of ambrosia
 e - a potion of brilliance
 h - 8 potions of curing
 n - a potion of invisibility
 q - a potion of flight
 s - 4 potions of attraction
 z - a potion of haste
 A - 2 potions of lignification
 F - 3 potions of mutation
 J - 2 potions of might
 K - a potion of cancellation
 O - a potion of magic {unknown}


   Skills:
 + Level 10.9 Fighting
 * Level 7.0(7.5) Axes
 - Level 4.0(6.3) Maces & Flails
 + Level 10.8 Armour
 - Level 5.7 Dodging
 * Level 6.9 Evocations


You had 11 spell levels left.
You didn't know any spells.
Your spell library was empty.

Dungeon Overview and Level Annotations

Branches:
Dungeon (11/15)            Temple (0/1) D:6            Lair (0/5) D:8
    Orc (2/2) D:11
    Elf: Orc:2

Altars:
Hepliaklqana
Kikubaaqudgha
Makhleb
Sif Muna
Uskayaw
Zin

Shops:
D:1 *   D:2 *   D:5 ?   D:7 [   D:11 [


Innate Abilities, Weirdness & Mutations

You are completely covered in rugged brown scales. (AC +3, +7% HP)
Armour fits poorly on your strangely shaped body.
You have a long armoured tail.
You roll when moving toward enemies. (Rampage)
Your long tongue fully drains potion bottles. (2x potion effects)
Your tongue gives you trouble enunciating. (1.5x scroll delay)


Message History

Trog appreciates your killing of a magic user.
The ynoxinul disappears in a puff of smoke!
The rust devil disappears in a puff of smoke!
The warg bites you but does no damage.
The orc warrior hits you but does no damage.
The orc warrior shoots a bolt.
The bolt hits you!
* * * LOW HITPOINT WARNING * * *
The orc warrior shoots a bolt.
The bolt closely misses you.
Your Axes skill increases to level 7!
You have reached level 12!
You feel agile.
You barely miss the orc warrior.
The orc warrior is almost dead.
You barely miss the troll. You slice the warg!!
You kill the warg!
Trog accepts your kill.
You slash the orc warrior!
You kill the orc warrior!
Trog accepts your kill. The orc warrior barely misses you.
The troll closely misses you. The troll barely misses you.
The troll closely misses you.
The orc warrior shoots a bolt.
The bolt hits you.
* * * LOW HITPOINT WARNING * * *
You slice the troll!!
The troll is severely wounded.
You slash the orc warrior!
You kill the orc warrior!
Trog accepts your kill.
You barely miss the warg. You block the troll's attack. The troll claws you.
* * * LOW HITPOINT WARNING * * *
The troll barely misses you.
The orc warrior shoots a bolt.
The bolt hits you!
* * * LOW HITPOINT WARNING * * *
The warg bites you but does no damage.
You are too berserk!
Okay, then.
Unknown command.
You slash the troll!
The troll is almost dead.
You closely miss the warg. You barely miss the orc knight. The troll bites you!
You die...

$.# ..
..#####$. ##
.........
##.# ......
##...##
......
#.....###.o#
#>..).#
##..†.#
#†@###
#.)oT)#
#...h)...
....#......#
....###....##
##..# ......
#.# $###.. #.
## ..


You could see an orc knight, a troll, a warg and an orc warrior.

Vanquished Creatures
  Fannar (D:10)
  A boulder beetle (D:6)
  2 two-headed ogres
  An orc high priest (Orc:1)
  An orc knight (Orc:2)
  2 orc sorcerers
  A cyclops (D:11)
  A manticore (D:6)
  Joseph (D:10)
  3 komodo dragons (D:8)
  2 trolls (Orc:1)
  Grinder (D:4)
  8 yaks (D:9)
  2 wraiths (D:10)
  2 wyverns
  2 shadows
  A basilisk (D:8)
  Edmund (D:4)
  5 wargs
  An acid dragon (D:8)
  A water moccasin (D:6)
  A sky beast (D:6)
  2 black bears
  9 orc warriors
  9 ogres
  3 centaurs
  2 phantoms
  2 kobold brigands
  Blork the orc (D:5)
  A bullfrog (D:7)
  A necrophage (D:6)
  12 wights
  5 howler monkeys
  6 hounds
  4 jellies
  18 orc priests
  10 orc wizards
  Ijyb (D:5)
  Natasha (thrice) (D:4)
  4 iguanas
  Robin (D:2)
  8 adders
  4 gnolls (D:3)
  A white imp (D:6)
  An ufetubus (D:6)
  A dart slug (D:1)
  42 orcs
  4 ball pythons
  6 bats
  9 endoplasms
  2 giant cockroaches
  17 goblins
  8 hobgoblins
  2 jackals (D:1)
  13 kobolds
  7 quokkas
  4 frilled lizards
  5 rats
  A spectral kobold (D:1)
270 creatures vanquished.

Vanquished Creatures (collateral kills)
  An orc warlord (Orc:1)
  A warg (Orc:1)
  4 orc warriors (Orc:1)
  5 orcs (Orc:1)
11 creatures vanquished.

Vanquished Creatures (others)
  A human (D:10)
  A goblin (D:2)
2 creatures vanquished.

Grand Total: 283 creatures vanquished

Notes
Turn   | Place    | Note
-------+----------+-------------------------------------------
     0 | D:1      | MrRokkomies the Armataur Berserker began the quest for the
                  | Orb.
     0 | D:1      | Reached XP level 1. HP: 19/19 MP: 1/1
    85 | D:1      | Reached XP level 2. HP: 23/26 MP: 2/2
   213 | D:1      | Found Ricijap's Assorted Antiques.
   592 | D:1      | Found a faded altar of an unknown god.
   766 | D:1      | Reached ** piety under Trog
   767 | D:1      | Reached XP level 3. HP: 33/33 MP: 3/3
  1347 | D:2      | Reached XP level 4. HP: 14/40 MP: 4/4
  1872 | D:2      | Noticed Robin
  1889 | D:2      | Killed Robin
  1927 | D:2      | Found Gabuemysie's Assorted Antiques.
  2022 | D:3      | Reached *** piety under Trog
  2032 | D:3      | Reached XP level 5. HP: 26/49 MP: 5/5
  2513 | D:3      | Noticed an ogre
  2518 | D:3      | Killed an ogre
  2519 | D:3      | Reached XP level 6. HP: 56/56 MP: 6/6
  2885 | D:4      | Noticed Grinder
  2885 | D:4      | Noticed Natasha
  2892 | D:4      | Killed Natasha
  2897 | D:4      | Paralysed by Grinder for 5 turns
  2906 | D:4      | Killed Grinder
  2907 | D:4      | Reached skill level 5 in Fighting
  2907 | D:4      | Reached XP level 7. HP: 65/65 MP: 7/7
  2988 | D:4      | Noticed Natasha
  2991 | D:4      | Killed Natasha
  3028 | D:4      | Reached skill level 5 in Armour
  3263 | D:4      | Noticed Edmund
  3280 | D:4      | Killed Edmund
  3465 | D:4      | Found a shimmering blue altar of Sif Muna.
  3553 | D:4      | Reached XP level 8. HP: 47/74 MP: 8/8
  3556 | D:4      | Reached **** piety under Trog
  3679 | D:4      | You fall into a shaft and drop 2 floors!
  3685 | D:6      | Noticed a manticore
  3693 | D:6      | Killed a manticore
  3932 | D:6      | Noticed a boulder beetle
  3958 | D:6      | Killed a boulder beetle
  3959 | D:6      | Reached XP level 9. HP: 86/86 MP: 9/9
  3967 | D:5      | Entered Level 5 of the Dungeon
  4072 | D:5      | Found Ytoxef's Magic Scroll Shop.
  4333 | D:5      | Noticed Ijyb
  4338 | D:5      | Killed Ijyb
  4341 | D:5      | Reached skill level 5 in Dodging
  4538 | D:5      | Noticed Blork the orc
  4545 | D:5      | Killed Blork the orc
  4859 | D:6      | Identified a scroll of acquirement
  4859 | D:6      | Acquired 743 gold pieces
  4905 | D:4      | Noticed Natasha
  4907 | D:4      | Killed Natasha
  4957 | D:2      | Bought the +5 Lochaber axe {reach-cleave, poleaxe, Drain}
                  | for 814 gold pieces
  4957 | D:2      | Found the +5 Lochaber axe {reach-cleave, poleaxe, Drain}
  5107 | D:6      | Found a staircase to the Ecumenical Temple.
  5408 | D:6      | Reached skill level 1 in Axes
  5807 | D:7      | Found a glowing silver altar of Zin.
  5885 | D:7      | Found Geydwo's Armour Boutique.
  6343 | D:7      | Reached XP level 10. HP: 97/97 MP: 10/10
  6790 | D:7      | Found a hazy altar of Hepliaklqana.
  7788 | D:8      | Reached skill level 10 in Fighting
  8250 | D:8      | Found a staircase to the Lair.
  8448 | D:9      | Reached skill level 1 in Evocations
  8912 | D:9      | Reached ***** piety under Trog
  9223 | D:10     | Entered Level 10 of the Dungeon
  9223 | D:10     | Found an ancient bone altar of Kikubaaqudgha.
  9252 | D:10     | Found a burning altar of Makhleb.
  9268 | D:10     | Found a hide-covered altar of Uskayaw.
  9340 | D:10     | Noticed Fannar
  9354 | D:10     | Killed Fannar
  9355 | D:10     | Reached skill level 5 in Axes
  9355 | D:10     | Reached XP level 11. HP: 72/108 MP: 11/11
  9719 | D:10     | Noticed Joseph
  9730 | D:10     | Killed Joseph
 10040 | D:10     | Noticed a two-headed ogre
 10048 | D:10     | Killed a two-headed ogre
 10406 | D:11     | Found a staircase to the Orcish Mines.
 10532 | D:11     | Noticed a two-headed ogre
 10539 | D:11     | Killed a two-headed ogre
 10540 | D:11     | Reached skill level 10 in Armour
 10655 | D:11     | Reached skill level 5 in Evocations
 10751 | D:11     | Found Bilisagh's Antique Armour Shop.
 10761 | D:11     | Bought a shiny scale mail for 196 gold pieces
 11093 | Orc:1    | Entered Level 1 of the Orcish Mines
 11098 | Orc:1    | Noticed an orc warlord
 11108 | Orc:1    | Killed an orc warlord
 11199 | Orc:2    | Entered Level 2 of the Orcish Mines
 11471 | Orc:2    | Noticed an orc knight
 11492 | Orc:2    | Killed an orc knight
 11792 | Orc:2    | Noticed an orc sorcerer
 11797 | Orc:2    | Noticed a sixfirhy
 11798 | Orc:2    | Killed an orc sorcerer
 11852 | Orc:1    | Noticed an orc high priest
 11854 | Orc:1    | Noticed an orc sorcerer
 11856 | Orc:1    | Noticed an orc knight
 11859 | Orc:1    | Killed an orc high priest
 11861 | Orc:1    | Killed an orc sorcerer
 11862 | Orc:1    | Reached XP level 12. HP: 24/115 MP: 12/12
 11864 | Orc:1    | Slain by a troll

Illustrated notes

Levels and vault maps discovered:
D:1:      ebering_trefoil_3fold, layout_basic, serial_shops,
          nicolae_shop_overgrown_old_shop,
          dreamdust_ecumenical_altar_drowned_temple, minmay_misc_feat_tiny
D:2:      layout_basic, serial_shops, nicolae_shop_advertising_works
          [nicolae_subvault_shop_adworks], minmay_goblin_kobold_house,
          uniq_robin
D:3:      layout_loops_ring
D:4:      layout_basic, led_sif_pool, uniq_edmund, uniq_grinder, uniq_natasha
D:5:      layout_loops_ring, serial_shops, shop, corexii_hall_statues_l,
          serial_park_tiny_1, uniq_ijyb, uniq_blork_the_orc
D:6:      layout_cave_pods, minmay_temple_entry_statues_pillars, kb_rosetta
D:7:      layout_basic, nzn_hepliaklqana_mist_gate, zin_scriptorium,
          serial_shops, shop
D:8:      layout_cave_pools, erik_lair_dragon, dreamdust_wishing_well
D:9:      layout_loops_ring
D:10:     layout_basic, tgw_kikubaaqudgha, mainiacjoe_overflow_large_starburst,
          uniq_fannar, uniq_joseph
D:11:     layout_loops_ring, orc_0_dummy, serial_shops, nicolae_shop_stone
Orc:1:    dreamdust_wu_jian_sword_trials, layout_diamond_mine
Orc:2:    st_orc_pillars, layout_diamond_mine, nicolae_orc_lost_temple

Skill      XL: |  1  2  3  4  5  6  7  8  9 10 11 |
---------------+----------------------------------+-----
Fighting       | 3 4 5 6 8 9 10 | 10.9
Maces & Flails | 3 4 |  4.0
Armour         | 3 4 5 7 8 9 10 | 10.8
Dodging        | 2 3 4 5 |  5.7
Axes           | 2 5 7 |  7.0
Evocations     | 3 6 |  6.9

Action                   |  1- 3 |  4- 6 |  7- 9 | 10-12 || total
-------------------------+-------+-------+-------+-------++-------
Melee: Mace              |    71 |   165 |    58 |       ||   294
       Tailslap          |     5 |    16 |    24 |    33 ||    78
       Punch             |     1 |       |       |       ||     1
       Dire flail        |       |       |   139 |       ||   139
       Lochaber axe      |       |       |    36 |   287 ||   323
Throw: Dart              |       |     1 |     2 |     1 ||     4
       Boomerang         |       |       |       |    10 ||    10
Invok: Berserk           |     1 |     2 |     2 |     2 ||     7
       Brothers in Arms  |       |       |       |     2 ||     2
  Use: Scroll            |     4 |       |    11 |    13 ||    28
       Potion            |       |       |       |     1 ||     1
 Stab: Sleeping          |       |       |       |     1 ||     1
Armor: Animal skin       |    17 |       |       |       ||    17
       Scale mail        |     6 |    35 |       |    70 ||   111
       Ring mail         |       |    87 |   118 |   126 ||   331
Dodge: Dodged            |    39 |    84 |    92 |   142 ||   357
Block: Other             |       |     5 |    55 |    62 ||   122
       Reflection        |       |       |       |     6 ||     6

Table legend: (Time is in decaauts)
 A = Elapsed time spent in this place.
 B = Non-inter-level travel time spent in this place.
 C = Inter-level travel time spent in this place.
 D = Time resting spent in this place.
 E = Time spent auto-exploring this place.
 F = Levels seen in this place.
 G = Mean time per level.
                   A        B        C        D        E       F      G
               +--------+--------+--------+--------+--------+-----+--------+
         Total |  12245 |  11429 |    816 |    633 |   8826 |  13 |  941.9 |
       Dungeon |  11413 |  10648 |    765 |    470 |   8433 |  11 | 1037.5 |
  Orcish Mines |    831 |    781 |     50 |    163 |    393 |   2 |  415.5 |
               +--------+--------+--------+--------+--------+-----+--------+

Top non-repeatable levels by time:
     D:8: 1327 daAuts
     D:2: 1178 daAuts
     D:7: 1167 daAuts
    D:10: 1142 daAuts
     D:6: 1114 daAuts
     D:4: 1038 daAuts
     D:5: 939 daAuts
     D:3: 916 daAuts
     D:1: 910 daAuts
     D:9: 895 daAuts
    D:11: 783 daAuts
   Orc:2: 686 daAuts
   Orc:1: 145 daAuts
